APL (24 & UNDER)
STATE COLLEGE SPIKES @ ATHENS ASSASSINS
07/21/2026
 
TOP OF THE 1ST
State College Spikes batting - Pitching for Athens Assassins : RHP José Moreno
Pitching: RHP José Moreno
Batting: RHB Alonzo Herrera 0-0: Called Strike
0-1: Foul Ball, location: 2F
0-2: SINGLE (Line Drive, 34D)
Batting: RHB Rafael Ortíz 0-0: Ball
1-0: 2-RUN HOME RUN (Flyball, 7D), Distance : 365 ft
Batting: RHB Martín López 0-0: Foul Ball, location: 2F
0-1: Ball
1-1: Swinging Strike
1-2: Ground out U3 (Groundball, 3S)
Batting: SHB Clint Woods 0-0: Fly out, F8 (Flyball, 8LD)
Batting: SHB Greg Butterfield 0-0: Ball
1-0: Swinging Strike
1-1: Swinging Strike
1-2: Fly out, F2 (Popup, 5SF)
Top of the 1st over - 2 run(s), 2 hit(s), 0 error(s), 0 left on base; State College 2 - Athens 0
BOTTOM OF THE 1ST
Athens Assassins batting - Pitching for State College Spikes : RHP Francisco Álvarez
Pitching: RHP Francisco Álvarez
Batting: SHB José Estreito 0-0: Called Strike
0-1: Hit by Pitch
Batting: RHB Juan Gonzáles 0-0: Ball
1-0: Called Strike
José Estreito steals 2nd base
1-1: Ball
2-1: Swinging Strike
2-2: Foul Ball, location: 2F
2-2: SINGLE (Line Drive, 6MD)
José Estreito to third
Runner from 3rd tries for Home, SAFE, no throw or cutoff
Batting: SHB Rick Turner 0-0: Ball
1-0: Ball
2-0: Foul Ball, location: 2F
2-1: Ball
3-1: Called Strike
3-2: Grounds into double play, 6-4-3 (Groundball, 6M)
Batting: LHB Terry Simpson 0-0: Swinging Strike
0-1: DOUBLE (Flyball, 89M)
Batting: LHB António Romo 0-0: Swinging Strike
0-1: Swinging Strike
0-2: Ball
1-2: Ground out 4-3 (Groundball, 4M)
Bottom of the 1st over - 1 run(s), 2 hit(s), 0 error(s), 1 left on base; State College 2 - Athens 1
TOP OF THE 2ND
State College Spikes batting - Pitching for Athens Assassins : RHP José Moreno
Batting: LHB Burt Ward 0-0: Ball
1-0: SINGLE (Flyball, 8LS)
Batting: SHB Thomas Simmons 0-0: Fly out, F8 (Flyball, 8LM)
Batting: RHB Javier Peńa 0-0: Swinging Strike
0-1: Ball
1-1: Ball
2-1: Called Strike
2-2: Ball
3-2: Strikes out swinging
Batting: RHB Andrew Deal 0-0: Called Strike
0-1: Ball
1-1: Called Strike
1-2: Ball
2-2: Ball
Burt Ward steals 2nd base
3-2: Strikes out looking
Top of the 2nd over - 0 run(s), 1 hit(s), 0 error(s), 1 left on base; State College 2 - Athens 1
BOTTOM OF THE 2ND
Athens Assassins batting - Pitching for State College Spikes : RHP Francisco Álvarez
Batting: LHB Tommy Payne 0-0: Ground out U3 (Groundball, 3)
Batting: LHB Al Bartlett 0-0: Ball
1-0: Ball
2-0: Fly out, F7 (Flyball, 78S)
Batting: LHB Mike Davis 0-0: Called Strike
0-1: Ball
1-1: Called Strike
1-2: Ground out 6-3 (Groundball, 6M)
Bottom of the 2nd over - 0 run(s), 0 hit(s), 0 error(s), 0 left on base; State College 2 - Athens 1
TOP OF THE 3RD
State College Spikes batting - Pitching for Athens Assassins : RHP José Moreno
Batting: RHB Alonzo Herrera 0-0: Called Strike
0-1: Ball
1-1: Ball
2-1: Foul Ball, location: 2F
2-2: Foul Ball, location: 2F
2-2: SINGLE (Groundball, 5L) (infield hit)
Batting: RHB Rafael Ortíz 0-0: Foul Ball, location: 2F
0-1: Ball
1-1: Grounds into double play, 5-4-3 (Groundball, 5)
Batting: RHB Martín López 0-0: Ball
1-0: Fly out, F7 (Line Drive, 7LM)
Top of the 3rd over - 0 run(s), 1 hit(s), 0 error(s), 0 left on base; State College 2 - Athens 1
BOTTOM OF THE 3RD
Athens Assassins batting - Pitching for State College Spikes : RHP Francisco Álvarez
Batting: RHB Ryan Jackson 0-0: SOLO HOME RUN (Flyball, 78XD), Distance : 386 ft
Batting: SHB José Estreito 0-0: Ball
1-0: Called Strike
1-1: Ground out 5-3 (Groundball, 56)
Batting: RHB Juan Gonzáles 0-0: Called Strike
0-1: Foul Ball, location: 2F
0-2: DOUBLE (Line Drive, 78XD)
Batting: SHB Rick Turner 0-0: Called Strike
0-1: Called Strike
Juan Gonzáles steals 3rd base
0-2: Foul Ball, location: 2F
0-2: Ball
1-2: Ground out 5-3 (Groundball, 56)
Juan Gonzáles scores
Batting: LHB Terry Simpson 0-0: Ground out 4-3 (Groundball, 4)
Bottom of the 3rd over - 2 run(s), 2 hit(s), 0 error(s), 0 left on base; State College 2 - Athens 3
TOP OF THE 4TH
State College Spikes batting - Pitching for Athens Assassins : RHP José Moreno
Batting: SHB Clint Woods 0-0: Called Strike
0-1: Foul Ball, location: 2F
0-2: Ball
1-2: Ball
2-2: Ball
3-2: Base on Balls
Batting: SHB Greg Butterfield 0-0: Called Strike
0-1: Ball
1-1: Ball
2-1: Ball
3-1: Swinging Strike
3-2: Base on Balls
Clint Woods to second
Batting: LHB Burt Ward 0-0: Ball
1-0: Fielders Choice at 2nd, 3-6 (Groundball, 3)
Clint Woods to third
Batting: SHB Thomas Simmons 0-0: Ball
Burt Ward is caught stealing 2nd base
1-0: Ball
2-0: Ball
3-0: Called Strike
3-1: Called Strike
3-2: SINGLE (Line Drive, 8LS)
Clint Woods scores
Batting: RHB Javier Peńa 0-0: Ball
1-0: Reached on error, E5 (Groundball, 56)
Thomas Simmons to second
Batting: RHB Andrew Deal 0-0: Called Strike
0-1: SINGLE (Groundball, 6D)
Thomas Simmons to third
Javier Peńa to second
Runner from 3rd tries for Home, SAFE, no throw or cutoff
Batting: RHB Alonzo Herrera 0-0: Foul Ball, location: 2F
0-1: Ball
1-1: Called Strike
1-2: Fielders Choice at 2nd, U6 (Groundball, 6M)
Top of the 4th over - 2 run(s), 2 hit(s), 1 error(s), 2 left on base; State College 4 - Athens 3
BOTTOM OF THE 4TH
Athens Assassins batting - Pitching for State College Spikes : RHP Francisco Álvarez
Batting: LHB António Romo 0-0: Ball
1-0: Called Strike
1-1: Called Strike
1-2: Strikes out swinging
Batting: LHB Tommy Payne 0-0: Ball
1-0: Called Strike
1-1: Foul Ball, location: 2F
1-2: Fly out, F5 (Popup, 6)
Batting: LHB Al Bartlett 0-0: Fly out, F9 (Line Drive, 9S)
Bottom of the 4th over - 0 run(s), 0 hit(s), 0 error(s), 0 left on base; State College 4 - Athens 3
TOP OF THE 5TH
State College Spikes batting - Pitching for Athens Assassins : RHP José Moreno
Batting: RHB Rafael Ortíz 0-0: Ball
1-0: Ball
2-0: Ball
3-0: Base on Balls
Pitching: RHP Jason Mason
Batting: RHB Martín López 0-0: Ball
1-0: Foul Ball, location: 2F
1-1: Foul Ball, location: 2F
1-2: Foul Ball, location: 2F
1-2: Strikes out swinging
Batting: SHB Clint Woods 0-0: DOUBLE (Line Drive, 78M)
Rafael Ortíz to third
Runner from 3rd tries for Home, SAFE, throw made home
Batting: SHB Greg Butterfield 0-0: Called Strike
0-1: Fly out, F7 (Flyball, 7M)
Batting: LHB Burt Ward 0-0: Foul Ball, location: 2F
0-1: Ball
1-1: Swinging Strike
1-2: TRIPLE (Flyball, 8RXD)
Clint Woods scores
Batting: SHB Thomas Simmons 0-0: Swinging Strike
0-1: Called Strike
0-2: Strikes out swinging
Top of the 5th over - 2 run(s), 2 hit(s), 0 error(s), 1 left on base; State College 6 - Athens 3
BOTTOM OF THE 5TH
Athens Assassins batting - Pitching for State College Spikes : RHP Francisco Álvarez
Batting: LHB Mike Davis 0-0: Ball
1-0: Foul Ball, location: 2F
1-1: Ball
2-1: Ball
3-1: Fly out, F5 (Popup, 5F)
Batting: RHB Ryan Jackson 0-0: Called Strike
0-1: Foul Ball, location: 2F
0-2: Strikes out swinging
Batting: SHB José Estreito 0-0: Fly out, F9 (Flyball, 8RM)
Bottom of the 5th over - 0 run(s), 0 hit(s), 0 error(s), 0 left on base; State College 6 - Athens 3
TOP OF THE 6TH
State College Spikes batting - Pitching for Athens Assassins : RHP Jason Mason
Batting: RHB Javier Peńa 0-0: Foul Ball, location: 2F
0-1: Swinging Strike
0-2: Strikes out swinging
Batting: RHB Andrew Deal 0-0: Foul Ball, location: 2F
0-1: Called Strike
0-2: Strikes out swinging
Batting: RHB Alonzo Herrera 0-0: Foul Ball, location: 2F
0-1: Foul Ball, location: 2F
0-2: Foul Ball, location: 2F
0-2: Foul Ball, location: 2F
0-2: Ball
1-2: Ball
2-2: Ball
3-2: Strikes out swinging
Top of the 6th over - 0 run(s), 0 hit(s), 0 error(s), 0 left on base; State College 6 - Athens 3
BOTTOM OF THE 6TH
Athens Assassins batting - Pitching for State College Spikes : RHP Francisco Álvarez
Batting: RHB Juan Gonzáles 0-0: Ball
1-0: Ball
2-0: Called Strike
2-1: Ground out 1-3 (Groundball, 13)
Batting: SHB Rick Turner 0-0: Ball
1-0: Foul Ball, location: 2F
1-1: Ball
2-1: Ball
3-1: Foul Ball, location: 2F
3-2: Fly out, F7 (Flyball, 7LS)
Batting: LHB Terry Simpson 0-0: Ball
1-0: Ball
2-0: Called Strike
2-1: Foul Ball, location: 2F
2-2: SINGLE (Groundball, 34D)
Batting: LHB António Romo 0-0: Ball
1-0: Ball
2-0: Ball
3-0: Base on Balls
Terry Simpson to second
Batting: LHB Tommy Payne 0-0: Called Strike
0-1: Ball
1-1: Ball
2-1: Ball
3-1: Called Strike
3-2: Base on Balls
Terry Simpson to third
António Romo to second
Batting: LHB Al Bartlett 0-0: Called Strike
0-1: Foul Ball, location: 2F
0-2: Strikes out swinging
Bottom of the 6th over - 0 run(s), 1 hit(s), 0 error(s), 3 left on base; State College 6 - Athens 3
TOP OF THE 7TH
State College Spikes batting - Pitching for Athens Assassins : RHP Jason Mason
Batting: RHB Rafael Ortíz 0-0: Ball
1-0: Called Strike
1-1: Swinging Strike
1-2: Strikes out looking
Batting: RHB Martín López 0-0: Ball
1-0: Called Strike
1-1: Ball
2-1: Ground out 6-3 (Groundball, 6MS)
Batting: SHB Clint Woods 0-0: Ground out U3 (Groundball, 3)
Top of the 7th over - 0 run(s), 0 hit(s), 0 error(s), 0 left on base; State College 6 - Athens 3
BOTTOM OF THE 7TH
Athens Assassins batting - Pitching for State College Spikes : RHP Francisco Álvarez
Pitching: RHP Ron Crawford
Batting: LHB Mike Davis 0-0: Ball
1-0: Ball
2-0: Ball
3-0: Called Strike
3-1: Called Strike
3-2: Strikes out swinging
Batting: RHB Ryan Jackson 0-0: Called Strike
0-1: Swinging Strike
0-2: Strikes out swinging
Batting: SHB José Estreito 0-0: Called Strike
0-1: Foul Ball, location: 2F
0-2: Ball
1-2: Strikes out looking
Bottom of the 7th over - 0 run(s), 0 hit(s), 0 error(s), 0 left on base; State College 6 - Athens 3
TOP OF THE 8TH
State College Spikes batting - Pitching for Athens Assassins : RHP Jason Mason
Pitching: RHP Ramiro Sierra
Batting: SHB Greg Butterfield 0-0: Called Strike
0-1: Ball
1-1: Called Strike
1-2: Foul Ball, location: 2F
1-2: Ball
2-2: Strikes out swinging
Batting: LHB Burt Ward 0-0: Ball
1-0: Called Strike
1-1: Ball
2-1: Foul Ball, location: 2F
2-2: Ball
3-2: Base on Balls
Batting: SHB Thomas Simmons 0-0: Ground out 2-3 (Groundball, 25)
Burt Ward to second
Batting: RHB Javier Peńa 0-0: Ball
1-0: Ball
2-0: Swinging Strike
2-1: Ball
3-1: Ground out 6-3 (Groundball, 6M)
Top of the 8th over - 0 run(s), 0 hit(s), 0 error(s), 1 left on base; State College 6 - Athens 3
BOTTOM OF THE 8TH
Athens Assassins batting - Pitching for State College Spikes : RHP Ron Crawford
Batting: RHB Juan Gonzáles 0-0: Fly out, F5 (Line Drive, 5)
Batting: SHB Rick Turner 0-0: Called Strike
0-1: Called Strike
0-2: Strikes out looking
Batting: LHB Terry Simpson 0-0: Fly out, F7 (Flyball, 78S)
Bottom of the 8th over - 0 run(s), 0 hit(s), 0 error(s), 0 left on base; State College 6 - Athens 3
TOP OF THE 9TH
State College Spikes batting - Pitching for Athens Assassins : RHP Ramiro Sierra
Batting: RHB Andrew Deal 0-0: Ball
1-0: Called Strike
1-1: Swinging Strike
1-2: SOLO HOME RUN (Flyball, 78XD), Distance : 391 ft
Batting: RHB Alonzo Herrera 0-0: Ball
1-0: Called Strike
1-1: SINGLE (Groundball, 56D)
Batting: RHB Rafael Ortíz 0-0: Bunted foul
0-1: Ball
1-1: Bunted foul
1-2: Strikes out swinging
Batting: RHB Martín López 0-0: Called Strike
Alonzo Herrera is caught stealing 2nd base
0-1: Called Strike
0-2: SINGLE (Groundball, 34D) (infield hit)
Batting: SHB Clint Woods 0-0: Called Strike
0-1: Ball
1-1: Foul Ball, location: 2F
1-2: Ground out 1-3 (Groundball, 15)
Top of the 9th over - 1 run(s), 3 hit(s), 0 error(s), 1 left on base; State College 7 - Athens 3
BOTTOM OF THE 9TH
Athens Assassins batting - Pitching for State College Spikes : RHP Ron Crawford
Batting: LHB António Romo 0-0: Ground out 4-3 (Groundball, 34)
Batting: LHB Tommy Payne 0-0: Called Strike
0-1: Called Strike
0-2: Ball
1-2: Strikes out swinging
Batting: LHB Al Bartlett 0-0: Ball
1-0: SINGLE (Groundball, 4MD)
Batting: LHB Mike Davis 0-0: Ground out 1-3 (Groundball, 15)
Bottom of the 9th over - 0 run(s), 1 hit(s), 0 error(s), 1 left on base; State College 7 - Athens 3
Monday, December 5th, 2016 - OOTP Baseball 17.12 Build 75